 Dungeon Crawl Stone Soup version 0.28-a0-1412-gf95308ed99 (webtiles) character file.

Game seed: 5728732739131072544

179294 freelancePsychic the Impaler (level 17, -2/137 (144) HPs)
             Began as a Demonspawn Fighter on Jan 7, 2022.
             Was the Champion of Nemelex Xobeh.
             Slain by a pharaoh ant (9 damage)
             ... on level 3 of the Lair of Beasts.
             The game lasted 01:06:38 (29176 turns).

freelancePsychic the Impaler (Demonspawn Fighter)  Turns: 29176, Time: 01:06:39

HP:   -2/137 (144)  AC: 19    Str: 23    XL:     17   Next: 29%
MP:   29/29         EV: 13    Int: 13    God:    Nemelex Xobeh [******]
Gold: 1957          SH:  0    Dex: 15    Spells: 16/16 levels left

rFire   . . .      SeeInvis +   a - +12 glaive of Prune {vorpal}
rCold   + . .      Faith    .   (shield currently unavailable)
rNeg    + . .      Spirit   .   t - +7 chain mail of the Lost Persimmons {+Inv rN+ Int+4}
rPois   +          Reflect  .   (helmet restricted)
rElec   .          Harm     .   (cloak unavailable)
rCorr   +          Rampage  .   P - +2 pair of gloves {infuse}
Will    ++...                   (no boots)
Stlth   ..........              o - amulet of regeneration
HPRegen 1.12/turn               z - ring of Fithoew {rCorr SInv}
MPRegen 0.21/turn               j - ring of poison resistance

@: lethally poisoned (-2 -> -7), corroded, studying Armour, lightly drained,
invisible
A: icy blue scales 2, spiny 2, weakness stinger 3, beak, horns 1, camouflage 1,
cold resistance 1, strong-willed 1
}: 1/15 runes: decaying
a: Renounce Religion, Evoke Invisibility, Draw Escape, Draw Destruction, Draw
Summoning, Draw Stack, Triple Draw, Deal Four, Stack Five


You were on level 3 of the Lair of Beasts.
You worshipped Nemelex Xobeh.
Nemelex Xobeh was exalted by your worship.
You visited 5 branches of the dungeon, and saw 28 of its levels.
You also visited: Sewer, Gauntlet and Ice Cave.

You collected 5044 gold pieces.
You spent 3087 gold pieces at shops.

Inventory:

Hand Weapons
 a - the +12 glaive of Prune (weapon) {vorpal}
   (You bought it in a shop on level 9 of the Dungeon)

   It inflicts extra damage upon your enemies.
   It halves damage taken while paralysed, petrified or unconscious.
 b - a +2 glaive of flaming
Missiles
 R - 6 throwing nets (quivered)
Armour
 c - a +2 helmet
 t - the +7 chain mail of the Lost Persimmons (worn) {+Inv rN+ Int+4}
   (You bought it in a shop on level 2 of the Orcish Mines)

   Int:       It affects your intelligence (+4).
   rN:        It protects you from negative energy.
   +Inv:      It lets you turn invisible.
 O - a +0 plate armour
 P - a +2 pair of gloves of infusion (worn)
Jewellery
 h - a ring of ice
 j - a ring of poison resistance (right hand)
 o - an amulet of regeneration (around neck)
 q - a ring of see invisible
 z - the ring of Fithoew (left hand) {rCorr SInv}
   (You found it in a Gauntlet)

   [ring of see invisible]

   SInv:      It lets you see invisible.
   rCorr:     It protects you from acid and corrosion.
 B - a ring of flight
 D - a ring of willpower
Wands
 d - a wand of polymorph (3)
 g - a wand of digging (4)
 y - a wand of paralysis (10)
 F - a wand of flame (54)
 L - a wand of acid (19)
 N - a wand of iceblast (28)
 V - a wand of mindburst (6)
 Y - a wand of charming (9)
Scrolls
 n - 8 scrolls of immolation
 p - 3 scrolls of enchant armour
 v - 14 scrolls of identify {@r1}
 E - 12 scrolls of teleportation {@r4}
 H - 3 scrolls of summoning
 J - 3 scrolls of fog
 K - 6 scrolls of amnesia
 S - a scroll of magic mapping
 T - 2 scrolls of brand weapon
 W - 2 scrolls of blinking
 X - 4 scrolls of fear
 Z - a scroll of vulnerability
Potions
 e - 5 potions of flight
 f - 3 potions of brilliance
 i - 5 potions of haste {@q3}
 k - a potion of invisibility
 l - a potion of heal wounds {@q2}
 r - 10 potions of curing {unknown}
 w - 7 potions of attraction {unknown}
 x - a potion of magic {unknown}
 A - 3 potions of ambrosia {unknown}
 G - a potion of might
 I - 7 potions of lignification
 Q - 2 potions of cancellation {unknown}
 U - 5 potions of resistance {unknown}
Miscellaneous
 M - a condenser vane (inert)


   Skills:
 + Level 16.0 Fighting
 - Level 20.0 Polearms
 + Level 5.6 Armour
 - Level 12.9 Dodging
 - Level 3.3 Shields
 + Level 16.5 Invocations


You had 16 spell levels left.
You didn't know any spells.
Your spell library contained the following spells:

 Spells                   Type           Power      Damage    Failure   Level
 Animate Skeleton         Necr           0%         N/A       91%         1
 Apportation              Tloc           0%         N/A       91%         1
 Foxfire                  Conj/Fire      0%         2x1d4     91%         1
 Summon Small Mammal      Summ           0%         N/A       91%         1
 Ensorcelled Hibernation  Hex/Ice        0%         N/A       97%         2
 Sublimation of Blood     Necr           0%         N/A       97%         2
 Wereblood                Tmut           0%         N/A       97%         2
 Conjure Flame            Conj/Fire      0%         6-21      100%        3
 Dazzling Flash           Conj/Hex       0%         N/A       100%        3
 Ignite Poison            Fire/Tmut/Pois 0%         N/A       100%        3
 Inner Flame              Hex/Fire       0%         N/A       100%        3
 Mephitic Cloud           Conj/Pois/Air  0%         N/A       100%        3
 Spider Form              Tmut/Pois      0%         N/A       100%        3
 Animate Dead             Necr           0%         N/A       100%        4
 Cause Fear               Hex            0%         N/A       100%        4
 Flame Wave               Conj/Fire      0%         2d4       100%        4
 Iskenderun's Mystic Bla  Conj/Tloc      0%         2d3       100%        4
 Passage of Golubria      Tloc           0%         N/A       100%        4
 Petrify                  Tmut/Erth      0%         N/A       100%        4
 Freezing Cloud           Conj/Ice/Air   0%         6-21      100%        5
 Metabolic Englaciation   Hex/Ice        0%         N/A       100%        5
 Silence                  Hex/Air        0%         N/A       100%        5
 Starburst                Conj/Fire      0%         6d3       100%        6
 Statue Form              Tmut/Erth      0%         N/A       100%        6
 Dragon Form              Tmut           0%         N/A       100%        7
 Haunt                    Necr/Summ      0%         N/A       100%        7
 Summon Hydra             Summ           0%         N/A       100%        7
 Infestation              Necr           0%         N/A       100%        8
 Lehudib's Crystal Spear  Conj/Erth      0%         10d2      100%        8
 Dragon's Call            Summ           0%         N/A       100%        9


Dungeon Overview and Level Annotations

Branches:
Dungeon (15/15)            Temple (0/1) D:4            Lair (6/6) D:9
  Swamp (4/4) Lair:3       Spider (1/4) Lair:3        Slime (0/5) Lair:6
    Orc (2/2) D:9             Elf (0/3) Orc:2        Vaults (0/5) D:14
 Depths (0/4) D:15          Sewer (visited)           IceCv (visited)
Gauntlet (visited)

Altars:
Dithmenos
Elyvilon
Nemelex Xobeh
Sif Muna
Yredelemnul
The Shining One
Beogh
Jiyva

Shops:
D:3 !?   D:9 (   Orc:2 *:([

Portals:
Trove: D:13 (give +4 ice dragon scales)

Annotations:
D:2 Sigmund
Lair:5 1 runed translucent door, Pinouros's ghost, journeyman DECj


Innate Abilities, Weirdness & Mutations

You are mostly covered in icy blue scales. (AC +3)
You are mostly covered in sharp spines.
You have a sharp stinger which inflicts weakening toxins.
You have a beak for a mouth.
You have a pair of small horns on your head.
Your skin changes colour to match your surroundings (Stealth+).
Your flesh is cold resistant. (rC+)
You are strong-willed. (Will+)


Message History

The redback bites you but does no damage.
You fade into invisibility!
You feel very sick. The redback completely misses you.
The entropy weaver is struck by your spines.
The entropy weaver hits you but does no damage.
The entropy weaver barely misses you.
The entropy weaver hits you but does no damage. x2
The redback is struck by your spines. The redback barely misses you.
The wolf spider is struck by your spines.
The wolf spider closely misses you. The wolf spider bites you!
* * * LOW HITPOINT WARNING * * *
The pharaoh ant misses you. The redback is struck by your spines.
The redback barely misses you.
The entropy weaver is struck by your spines.
The entropy weaver hits you but does no damage. x3
The entropy weaver hits you.
* * * LOW HITPOINT WARNING * * *
You feel much better.
You feel less confused.
You feel very sick. The redback barely misses you.
The wolf spider is struck by your spines.
The wolf spider hits you.
* * * LOW HITPOINT WARNING * * *
The wolf spider closely misses you. The pharaoh ant closely misses you.
The redback bites you.
* * * LOW HITPOINT WARNING * * *
The wolf spider hits you.
* * * LOW HITPOINT WARNING * * *
The wolf spider closely misses you. The redback is struck by your spines.
The redback barely misses you. The entropy weaver hits you.
* * * LOW HITPOINT WARNING * * *
The entropy weaver hits you but does no damage. x2
The entropy weaver hits you.
* * * LOW HITPOINT WARNING * * *
The pharaoh ant is struck by your spines.
The pharaoh ant bites you!
You die...
Your body glows with a rainbow of weird colours and disappears.

.........# ##.## #.............
.........## ##..# ####..........
........#.###...# #...........
........###...### ###....)....
....<.#####..## #.........
..<.....##...# ### ##........
............P####.# #........
............###ssB# #........
............##^.@B### ##.......
...........##..s.†#.#######......
.##........#..^..##...#.###P.....
.##.......##^.^^##.......###.....
.#........#^^.^^##........#####..
###......##^^.####.........###.#.
P##.....##^^^##.##..........###..
.##.........####............##...
##.#........#.###...........##.#.


You could see an entropy weaver, a wolf spider, a pharaoh ant and 2 redbacks.

Vanquished Creatures
  Jorgrun (Orc:1)
  A tentacled monstrosity (Swamp:3)
  A thorn hunter (Swamp:4)
  Frances (D:12)
  An orc warlord (Orc:1)
  An ironbound preserver (D:14)
  A stone giant (D:15)
  A quicksilver ooze (Gauntlet)
  6 eleionomae
  2 entropy weavers
  A minotaur (Gauntlet)
  A dire elephant (Lair:6)
  3 bunyips
  Snorg (D:10)
  Josephine (D:14)
  2 great orbs of eyes
  Fannar (D:11)
  Harold (D:10)
  2 catoblepae
  23 hydras
  A ghost crab (Swamp:3)
  5 centaur warriors
  3 boulder beetles
  2 ironbound frosthearts (IceCv)
  A death knight (D:14)
  16 alligators
  11 death yaks
  Erica (Lair:1)
  6 two-headed ogres
  A deep troll shaman (Lair:6)
  An orc high priest (Orc:2)
  2 tengu warriors
  2 spriggan berserkers (Swamp:2)
  22 spriggans
  The ghost of bjtr the Ogre Mage, a novice OgFE of Vehumet (D:8)
  A pharaoh ant (Lair:3)
  12 swamp dragons
  A death drake (Swamp:4)
  3 spriggan druids
  7 goliath frogs
  8 bog bodies
  11 ugly things
  5 orc knights
  2 wolf spiders (Lair:3)
  2 manticores
  3 cyclopes
  A faun (shapeshifter) (D:15)
  2 orc sorcerers
  3 will-o-the-wisps
  10 elephants
  An ice statue (IceCv)
  A smoke demon (Gauntlet)
  A torpor snail (Lair:6)
  6 black mambas
  7 cane toads
  2 gargoyles
  A kobold demonologist (D:14)
  3 rime drakes
  An unseen horror (D:12)
  A freezing wraith (D:14)
  An efreet (D:13)
  13 komodo dragons
  A tengu conjurer (D:13)
  A bloated husk (Swamp:1)
  A red devil (Gauntlet)
  5 tyrant leeches
  7 trolls
  4 meliai
  A queen bee (shapeshifter) (D:15)
  11 polar bears
  7 blink frogs
  Grinder (D:3)
  A wind drake (Orc:2)
  5 tarantellas
  11 slime creatures
  22 hornets
  A meliai zombie (D:11)
  3 jumping spiders
  2 culicivoras (Lair:3)
  A shadow (D:11)
  2 vampires
  A water elemental (D:14)
  5 wraiths
  80 yaks
  5 basilisks
  6 wyverns
  Grum (D:9)
  A fire elemental (D:14)
  13 redbacks
  6 vampire mosquitoes
  Edmund (D:6)
  4 wargs
  18 swamp worms
  8 water moccasins
  4 acid dragons
  A naga (D:9)
  A floating eye (Orc:2)
  28 orc warriors
  2 ice beasts
  11 swamp drakes
  2 sky beasts
  3 black bears
  A hornet zombie (D:5)
  27 wolves
  9 ogres
  12 centaurs
  A phantom (D:4)
  17 bullfrogs
  A scorpion (D:5)
  A water moccasin skeleton (D:5)
  A killer bee (Orc:1)
  5 wights (D:7)
  4 electric eels
  3 howler monkeys
  A centaur zombie (D:9)
  2 crimson imps (Gauntlet)
  A bullfrog zombie (D:7)
  2 hounds (D:5)
  A jelly (D:7)
  12 orc priests
  2 centaur skeletons
  Jessica (D:2)
  3 iguanas
  14 orc wizards
  5 hell rats (Lair:2)
  A killer bee zombie (D:7)
  Robin (D:2)
  2 howler monkey zombies
  11 gnolls
  6 adders
  A river rat (Orc:1)
  3 white imps
  4 worms
  2 dart slugs
  71 orcs
  15 endoplasms
  7 giant cockroaches
  16 goblins
  10 hobgoblins
  2 jackals (D:4)
  7 kobolds
  12 quokkas
  14 ball pythons
  6 bats
  12 frilled lizards
  5 rats
858 creatures vanquished.

Vanquished Creatures (collateral kills)
  A hydra (Lair:6)
  2 spriggans (D:8)
  An orc warrior (D:12)
  A wolf (D:8)
  A centaur (D:15)
6 creatures vanquished.

Vanquished Creatures (others)
  A bloated husk (Swamp:1)
  A worm (D:6)
  An orc (D:8)
  10 foxfires
  50 fungi
  103 plants
166 creatures vanquished.

Grand Total: 1030 creatures vanquished

Notes
Turn   | Place    | Note
-------+----------+-------------------------------------------
     0 | D:1      | freelancePsychic the Demonspawn Fighter began the quest for
                  | the Orb.
     0 | D:1      | Reached XP level 1. HP: 18/18 MP: 1/1
   148 | D:1      | Reached skill level 2 in Polearms
   148 | D:1      | Gained mutation: You have a small tail. [demonic ancestry]
   148 | D:1      | Reached XP level 2. HP: 24/24 MP: 2/2
   262 | D:1      | Found a faded altar of an unknown god.
   680 | D:1      | Reached XP level 3. HP: 28/29 MP: 3/3
   837 | D:2      | Noticed Sigmund
  1027 | D:2      | Noticed Jessica
  1033 | D:2      | Killed Jessica
  1540 | D:2      | Noticed Robin
  1552 | D:2      | Reached XP level 4. HP: 35/35 MP: 4/4
  1556 | D:2      | Killed Robin
  1696 | D:2      | Found a sparkling altar of Nemelex Xobeh.
  1704 | D:2      | Became a worshipper of Nemelex Xobeh the Trickster
  1887 | D:3      | Found Wojysho's Distillery.
  1896 | D:3      | Bought a potion of heal wounds for 65 gold pieces
  2176 | D:3      | Noticed Grinder
  2223 | D:3      | Found Omuerphi's Magic Scroll Boutique.
  2230 | D:3      | Bought a scroll of identify for 22 gold pieces
  2329 | D:3      | Paralysed by Grinder for 4 turns
  2350 | D:3      | Killed Grinder
  2351 | D:3      | Reached skill level 4 in Polearms
  2351 | D:3      | Gained mutation: You are partially covered in icy blue
                  | scales. (AC +2) [demonic ancestry]
  2351 | D:3      | Reached XP level 5. HP: 43/43 MP: 4/7
  2351 | D:3      | Reached XP level 6. HP: 49/49 MP: 4/8
  2657 | D:4      | Reached * piety under Nemelex Xobeh
  2694 | D:4      | Received a gift from Nemelex Xobeh
  3034 | D:4      | Found a staircase to the Ecumenical Temple.
  3056 | D:4      | Found a basalt altar of Yredelemnul.
  3622 | D:5      | Entered Level 5 of the Dungeon
  3641 | D:5      | Reached ** piety under Nemelex Xobeh
  3685 | D:5      | Reached XP level 7. HP: 47/55 MP: 9/9
  3805 | D:5      | Reached skill level 5 in Polearms
  3822 | D:5      | Reached skill level 5 in Fighting
  4120 | D:5      | Reached skill level 5 in Invocations
  4582 | D:5      | Reached skill level 6 in Polearms
  4582 | D:5      | Reached XP level 8. HP: 48/63 MP: 11/11
  4673 | D:6      | Noticed Edmund
  4699 | D:6      | Killed Edmund
  4778 | D:6      | Received a gift from Nemelex Xobeh
  4798 | D:6      | Found a glowing drain.
  4813 | Sewer    | Entered a sewer
  4993 | Sewer    | Reached *** piety under Nemelex Xobeh
  5005 | Sewer    | Reached skill level 7 in Polearms
  5307 | D:3      | Bought a scroll of summoning for 104 gold pieces
  5866 | D:7      | Gained mutation: You are partially covered in sharp spines.
                  | [demonic ancestry]
  5866 | D:7      | Reached XP level 9. HP: 70/71 MP: 14/14
  5905 | D:7      | Received a gift from Nemelex Xobeh
  6197 | D:7      | Reached skill level 8 in Polearms
  6487 | D:8      | Received a gift from Nemelex Xobeh
  6663 | D:8      | Reached skill level 1 in Dodging
  6783 | D:8      | Found a runed translucent door.
  6786 | D:8      | Identified the +8 trident "Beri" {vorpal, Fly rElec Will+
                  | SInv}
  6786 | D:8      | Noticed bjtr's ghost (novice OgFE)
  6838 | D:8      | Reached **** piety under Nemelex Xobeh
  6838 | D:8      | Received a gift from Nemelex Xobeh
  7259 | D:8      | Reached skill level 9 in Polearms
  7421 | D:8      | Killed bjtr's ghost
  7422 | D:8      | Gained mutation: You are mostly covered in icy blue scales.
                  | (AC +3) [demonic ancestry]
  7422 | D:8      | Reached XP level 10. HP: 70/80 MP: 16/16
  7663 | D:9      | Found a staircase to the Orcish Mines.
  7680 | D:9      | Noticed Grum
  7780 | D:9      | Killed Grum
  7906 | D:9      | Found Fiocko's Antique Weapon Emporium.
  7928 | D:9      | Received a gift from Nemelex Xobeh
  7978 | D:9      | Reached skill level 10 in Polearms
  8030 | D:9      | Noticed Psyche
  8031 | D:9      | Noticed Psyche
  8031 | D:9      | Psyche changed into Psyche the naga
  8034 | D:9      | Killed Psyche the naga
  8206 | D:9      | Found a staircase to the Lair.
  8366 | D:10     | Entered Level 10 of the Dungeon
  8394 | D:10     | Received a gift from Nemelex Xobeh
  8499 | D:10     | Reached skill level 10 in Invocations
  8606 | D:10     | Noticed Snorg
  8608 | D:10     | Killed Snorg
  8609 | D:10     | Reached skill level 11 in Polearms
  8609 | D:10     | Gained mutation: You are mostly covered in sharp spines.
                  | [demonic ancestry]
  8609 | D:10     | Reached XP level 11. HP: 89/89 MP: 18/18
  8879 | D:10     | Noticed a two-headed ogre
  8881 | D:10     | Killed a two-headed ogre
  8915 | D:10     | Noticed Harold
  8925 | D:10     | Killed Harold
  9144 | D:11     | Received a gift from Nemelex Xobeh
  9156 | D:11     | Noticed a two-headed ogre
  9161 | D:11     | Killed a two-headed ogre
  9181 | D:11     | Reached ***** piety under Nemelex Xobeh
  9181 | D:11     | Noticed a five-headed hydra
  9185 | D:11     | Killed a five-headed hydra
  9290 | D:11     | Reached skill level 12 in Polearms
  9323 | D:11     | Reached skill level 5 in Armour
  9353 | D:11     | Received a gift from Nemelex Xobeh
  9353 | D:11     | Found a frozen archway.
  9363 | IceCv    | Entered an ice cave
  9394 | IceCv    | Reached skill level 10 in Fighting
  9528 | IceCv    | Reached skill level 5 in Dodging
  9613 | IceCv    | Reached XP level 12. HP: 97/97 MP: 19/19
  9843 | IceCv    | Noticed a death yak
  9876 | IceCv    | Killed a death yak
  9877 | IceCv    | Reached skill level 13 in Polearms
  9932 | IceCv    | Noticed a death yak
  9934 | IceCv    | Noticed a death yak
  9934 | IceCv    | Noticed a death yak
  9961 | IceCv    | Killed a death yak
  9969 | IceCv    | Killed a death yak
  9973 | IceCv    | Killed a death yak
 10184 | IceCv    | Noticed a death yak
 10184 | IceCv    | Noticed an ironbound frostheart
 10184 | IceCv    | Noticed an ironbound frostheart
 10184 | IceCv    | Noticed a death yak
 10184 | IceCv    | Noticed a death yak
 10185 | IceCv    | Killed a death yak
 10185 | IceCv    | Killed an ironbound frostheart
 10185 | IceCv    | Killed a death yak
 10185 | IceCv    | Killed an ironbound frostheart
 10185 | IceCv    | Killed a death yak
 10186 | IceCv    | Reached skill level 14 in Polearms
 10421 | D:11     | Noticed Fannar
 10447 | D:11     | Killed Fannar
 10527 | D:11     | Received a gift from Nemelex Xobeh
 11049 | Lair:1   | Entered Level 1 of the Lair of Beasts
 11397 | Lair:1   | Reached XP level 13. HP: 106/106 MP: 20/20
 11403 | Lair:1   | Noticed Erica
 11406 | Lair:1   | Killed Erica
 11450 | Lair:1   | Received a gift from Nemelex Xobeh
 12006 | Lair:2   | You are sucked into a shaft and drop 1 floor!
 12006 | Lair:3   | Received a gift from Nemelex Xobeh
 12380 | Lair:2   | Received a gift from Nemelex Xobeh
 12660 | Lair:2   | Identified the +0 ring mail "Velod" {rF+ SInv}
 13058 | Lair:3   | Received a gift from Nemelex Xobeh
 13203 | Lair:3   | Found a staircase to the Swamp.
 13282 | Lair:3   | Reached skill level 10 in Dodging
 13333 | Lair:3   | Reached skill level 15 in Polearms
 13349 | Lair:3   | Received a gift from Nemelex Xobeh
 13508 | Lair:3   | Found a hole to the Spider Nest.
 14135 | Lair:4   | Received a gift from Nemelex Xobeh
 14168 | Lair:4   | Noticed Nessos
 14170 | Lair:4   | Noticed Nessos
 14170 | Lair:4   | Nessos changed into Nessos the water moccasin
 14173 | Lair:4   | Killed Nessos the water moccasin
 14800 | Lair:5   | Found a runed translucent door.
 14803 | Lair:5   | Noticed Pinouros's ghost (journeyman DECj)
 15080 | Lair:5   | Received a gift from Nemelex Xobeh
 15172 | Lair:5   | Reached ****** piety under Nemelex Xobeh
 15421 | Lair:5   | Received a gift from Nemelex Xobeh
 15737 | Lair:6   | Entered Level 6 of the Lair of Beasts
 16013 | Lair:6   | Gained mutation: You have a tail ending in a sharp stinger.
                  | [demonic ancestry]
 16013 | Lair:6   | Reached XP level 14. HP: 78/116 MP: 22/22
 16214 | Lair:6   | Reached skill level 16 in Polearms
 16368 | Lair:6   | Found a viscous altar of Jiyva.
 16403 | Lair:6   | Found a staircase to the Slime Pits.
 16903 | Lair:6   | Identified the +11 scimitar "Bahief" {vorpal, rPois Will+
                  | MP+9}
 17393 | Orc:1    | Entered Level 1 of the Orcish Mines
 17400 | Orc:1    | Noticed Jorgrun
 17402 | Orc:1    | Killed Jorgrun
 17408 | Orc:1    | Received a gift from Nemelex Xobeh
 17575 | Orc:2    | Entered Level 2 of the Orcish Mines
 17754 | Orc:2    | Found Xuankel's Antique Weapon Boutique.
 17811 | Orc:2    | Found a shimmering blue altar of Sif Muna.
 17911 | Orc:2    | Found Pimiy's Book Emporium.
 17914 | Orc:2    | Noticed an orc warlord
 17957 | Orc:1    | Killed an orc warlord
 18190 | Orc:2    | Received a gift from Nemelex Xobeh
 18319 | Orc:2    | Found a staircase to the Elven Halls.
 18353 | Orc:2    | Found Emiaxeh's General Store.
 18559 | Orc:2    | Found Vellokhu's Antique Armour Shoppe.
 18569 | Orc:2    | Bought a pair of glowing gloves for 195 gold pieces
 18889 | Orc:2    | Bought a fading chain mail for 247 gold pieces
 18889 | Orc:2    | Identified the +7 chain mail of the Lost Persimmons {+Inv
                  | rN+ Int+4} (You bought it in a shop on level 2 of the
                  | Orcish Mines)
 18919 | Orc:1    | Received a gift from Nemelex Xobeh
 19643 | D:12     | Reached skill level 17 in Polearms
 19854 | D:12     | Found the +18 Lear's hauberk
 19947 | D:12     | Received a gift from Nemelex Xobeh
 19949 | D:12     | Noticed Frances
 19960 | D:12     | Killed Frances
 20200 | D:12     | Reached XP level 15. HP: 123/125 MP: 17/25
 20797 | D:13     | Received a gift from Nemelex Xobeh
 20979 | D:13     | Found a portal to a secret trove of treasure.
 21169 | D:13     | Received a gift from Nemelex Xobeh
 21291 | D:14     | Noticed Josephine
 21302 | D:14     | Killed Josephine
 21360 | D:14     | Found a gate leading to a gauntlet.
 21369 | Gauntlet | Entered a Gauntlet
 21369 | Gauntlet | Found a transporter.
 21369 | Gauntlet | Found a transporter.
 21379 | Gauntlet | Found a transporter.
 21391 | Gauntlet | Found a transporter.
 21409 | Gauntlet | Found a transporter.
 21409 | Gauntlet | Found a transporter.
 21411 | Gauntlet | Found a transporter.
 21411 | Gauntlet | Found a transporter.
 21412 | Gauntlet | Found a transporter.
 21423 | Gauntlet | Found a transporter.
 21439 | Gauntlet | Found a transporter.
 21446 | Gauntlet | Found a runed translucent door.
 21447 | Gauntlet | Received a gift from Nemelex Xobeh
 21450 | Gauntlet | Found a transporter.
 21463 | Gauntlet | Found a transporter.
 21483 | Gauntlet | Found a transporter.
 21547 | Gauntlet | Identified the ring of Fithoew {rCorr SInv}
 21583 | Gauntlet | Identified the amulet "Uniushal" {Acrobat rElec Will-
                  | Int+4}
 21584 | Gauntlet | Identified the +3 ring mail of Articulation {rC+}
 21632 | Gauntlet | Identified the ring "Humnura" {rN+ Int+6}
 21862 | D:14     | Found a gate to the Vaults.
 22491 | D:14     | Found a shadowy altar of Dithmenos.
 22726 | D:14     | Received a gift from Nemelex Xobeh
 22914 | D:15     | Entered Level 15 of the Dungeon
 22960 | D:15     | Noticed Agnes
 22962 | D:15     | Noticed Agnes
 22962 | D:15     | Agnes changed into Agnes the swamp worm
 22963 | D:15     | Killed Agnes the swamp worm
 22970 | D:15     | Reached skill level 18 in Polearms
 22981 | D:15     | Identified a scroll of acquirement
 22982 | D:15     | Acquired 1039 gold pieces
 23119 | D:9      | Bought the +12 glaive of Prune {vorpal} for 2454 gold
                  | pieces
 23119 | D:9      | Found the +12 glaive of Prune {vorpal}
 23404 | D:15     | Received a gift from Nemelex Xobeh
 23476 | D:15     | Found a staircase to the Depths.
 24076 | Swamp:1  | Entered Level 1 of the Swamp
 24095 | Swamp:1  | Received a gift from Nemelex Xobeh
 24775 | Swamp:1  | Gained mutation: You have sharp toenails. [potion of
                  | mutation]
 24775 | Swamp:1  | Gained mutation: Your spells are a little easier to cast,
                  | but a little less powerful. [potion of mutation]
 24775 | Swamp:1  | Gained mutation: You have a pair of small horns on your
                  | head. [potion of mutation]
 24775 | Swamp:1  | Gained mutation: You are agile. (Dex +2) [potion of
                  | mutation]
 24839 | Swamp:1  | Reached XP level 16. HP: 134/134 MP: 23/27
 24885 | Swamp:1  | Received a gift from Nemelex Xobeh
 25340 | Swamp:2  | Reached skill level 15 in Fighting
 25468 | Swamp:2  | Reached skill level 15 in Invocations
 25568 | Swamp:2  | Reached skill level 19 in Polearms
 25769 | Swamp:2  | Received a gift from Nemelex Xobeh
 26767 | Swamp:3  | Noticed a tentacled monstrosity
 26782 | Swamp:3  | Killed a tentacled monstrosity
 26860 | Swamp:3  | Received a gift from Nemelex Xobeh
 27370 | Swamp:4  | Entered Level 4 of the Swamp
 27493 | Swamp:4  | Received a gift from Nemelex Xobeh
 27548 | Swamp:4  | Noticed a thorn hunter
 27561 | Swamp:4  | Killed a thorn hunter
 27659 | Swamp:4  | Gained mutation: You have a sharp stinger which inflicts
                  | weakening toxins. [demonic ancestry]
 27659 | Swamp:4  | Reached XP level 17. HP: 129/143 MP: 8/29
 28310 | Swamp:4  | Lost mutation: You have a pair of small horns on your head.
                  | [potion of mutation]
 28310 | Swamp:4  | Lost mutation: You are agile. (Dex +2) [potion of mutation]
 28310 | Swamp:4  | Gained mutation: You expend magic power (3 MP) to
                  | strengthen your wands. [potion of mutation]
 28310 | Swamp:4  | Gained mutation: You have a beak for a mouth. [potion of
                  | mutation]
 28311 | Swamp:4  | Lost mutation: You expend magic power (3 MP) to strengthen
                  | your wands. [potion of mutation]
 28311 | Swamp:4  | Lost mutation: Your spells are a little easier to cast, but
                  | a little less powerful. [potion of mutation]
 28311 | Swamp:4  | Gained mutation: You are strong-willed. (Will+) [potion of
                  | mutation]
 28311 | Swamp:4  | Gained mutation: You are partially covered in large bone
                  | plates. (SH +4) [potion of mutation]
 28311 | Swamp:4  | Gained mutation: You are agile. (Dex +2) [potion of
                  | mutation]
 28312 | Swamp:4  | Acquired 1001 gold pieces
 28314 | Swamp:4  | Acquired a manual of Armour
 28498 | Swamp:4  | Got a decaying rune of Zot
 28702 | Swamp:4  | Lost mutation: You have sharp toenails. [potion of
                  | mutation]
 28702 | Swamp:4  | Lost mutation: You are agile. (Dex +2) [potion of mutation]
 28702 | Swamp:4  | Lost mutation: You are partially covered in large bone
                  | plates. (SH +4) [potion of mutation]
 28702 | Swamp:4  | Gained mutation: Your skin changes colour to match your
                  | surroundings (Stealth+). [potion of mutation]
 28702 | Swamp:4  | Gained mutation: You are highly strong-willed. (Will++)
                  | [potion of mutation]
 28702 | Swamp:4  | Gained mutation: Your spells are a little harder to cast,
                  | but a little more powerful. [potion of mutation]
 28703 | Swamp:4  | Lost mutation: Your spells are a little harder to cast, but
                  | a little more powerful. [potion of mutation]
 28703 | Swamp:4  | Lost mutation: You are highly strong-willed. (Will++)
                  | [potion of mutation]
 28703 | Swamp:4  | Gained mutation: You have a pair of small horns on your
                  | head. [potion of mutation]
 28703 | Swamp:4  | Gained mutation: Your flesh is cold resistant. (rC+)
                  | [potion of mutation]
 28858 | Spider:1 | Entered Level 1 of the Spider Nest
 28858 | Spider:1 | Received a gift from Nemelex Xobeh
 28938 | Lair:3   | Reached skill level 20 in Polearms
 29173 | Lair:3   | HP: 6/136 [pharaoh ant (2)]
 29176 | Lair:3   | Slain by a pharaoh ant

Illustrated notes

Levels and vault maps discovered:
D:1:      dpeg_arrival_shelter, layout_basic,
          hellmonk_ecumenical_altar_pennies_from_heaven
D:2:      layout_loops_corners, basic_altar, uniq_robin, uniq_jessica,
          uniq_sigmund
D:3:      layout_loops_ring, serial_shops, shop_fountains, nicolae_shop_trees,
          serial_forest, infiniplex_forest_3_way, infiniplex_forest_straight_2,
          infiniplex_forest_corner_1, infiniplex_forest_clump_small,
          infiniplex_forest_fountain, infiniplex_forest_lined_3_way,
          uniq_grinder
D:4:      layout_basic, mainiacjoe_overflow_alcove_1,
          minmay_temple_entry_offerings, hangedman_abyss_or_decor_stagger
D:5:      layout_gridville
D:6:      layout_cave_pools, cheibrodos_sewer_entry_bend, grunt_decor_cap,
          minmay_misc_feat_diagonals, uniq_edmund
D:7:      layout_rooms
D:8:      layout_basic, ebering_ghost_funeral_grove
D:9:      layout_roguey, david_lair_shrubbed, erik_orc_4, serial_shops, shop,
          uniq_grum, uniq_psyche
D:10:     layout_irregular_city, corexii_hall_statues_l, uniq_snorg, uniq_harold
D:11:     layout_grid_maze, portal_ice_cave_entry_pillars_1, minivault_5,
          uniq_fannar
D:12:     layout_roguey [special_room_orc], tso_metal_star, uniq_frances
D:13:     layout_gridville, nicolae_trove_entry_crossroad
D:14:     layout_gridville, skrybe_vaults_entry_preservation,
          gauntlet_entry_generic, nicolae_dithmenos_shadow_blocks,
          nicolae_lava_and_water, uniq_josephine
D:15:     grunt_enter_depths_giant_problem, layout_rooms, elyvilon_altar_3,
          minmay_misc_feat_pillars, uniq_agnes
Lair:1:   layout_regular_city, grunt_megastairs_1, serial_bayou_shore_b,
          lemuel_fruit_fields, infiniplex_staircase_pool_2,
          serial_bayou_shore_b, uniq_erica
Lair:2:   layout_chaotic_city, st_stairs_11, grunt_megastairs_4,
          infiniplex_staircase_pool
Lair:3:   layout_cave_pods, skrybe_swamp_entry_bodies,
          spider_nest_entry_funnel_web
Lair:4:   layout_roguey, uniq_nessos
Lair:5:   wander_river, layout_cave_pods, ebering_ghost_inner_flame,
          serial_bayou_shore_a
Lair:6:   grunt_lair_end_beastmaster, layout_cave_pods, slime_altar_1,
          serial_bayou, serial_bayou_lagoon_a, serial_bayou_lake_a,
          serial_bayou_ford_a, serial_bayou_lagoon_b
Swamp:1:  layout_basic_swamp, evilmike_swamp_ruin_house_5, swamp_pool1
Swamp:2:  layout_falls_marsh, serial_swamp_ruin, evilmike_swamp_ruin_house_2,
          evilmike_swamp_ruin_rubble_1, evilmike_swamp_ruin_house_1,
          nicolae_swamp_big_swirl
Swamp:3:  layout_basic_swamp, evilmike_swamp_ruin_house_6, swamp_pool4
Swamp:4:  swamp, layout_basic_swamp, swamp_pool1, nicolae_swamp_fairy_circle,
          nicolae_swamp_tree_designs
Spider:1: layout_spider_delve
Orc:1:    layout_caves, uniq_jorgrun
Orc:2:    grunt_orc_gardens, layout_diamond_mine, grunt_orc_garden,
          grunt_orc_garden, grunt_orc_garden, grunt_orc_garden,
          kennysheep_orc_sif_temple

Skill      XL: |  1  2  3  4  5  6  7  8  9 10 11 12 13 14 15 16 17 |
---------------+----------------------------------------------------+-----
Polearms       | 2 4 6 7 9 11 12 14 15 17 18 19 20 | 20.0
Armour         | 3 5 |  5.6
Shields        | 3 |  3.3
Fighting       | 4 5 6 7 9 10 11 12 13 14 15 16 | 16.0
Invocations    | 2 3 5 7 8 10 11 13 14 16 | 16.5
Dodging        | 3 4 5 8 10 11 12 | 12.9

Action                   |  1- 3 |  4- 6 |  7- 9 | 10-12 | 13-15 | 16-18 || total
-------------------------+-------+-------+-------+-------+-------+-------++-------
Melee: Trident           |    89 |   165 |   462 |   415 |   129 |       ||  1260
       Tailslap          |     5 |    24 |    48 |    67 |   168 |    40 ||   352
       Unarmed           |       |       |    11 |       |       |       ||    11
       Punch             |       |       |       |     8 |     1 |       ||     9
       Glaive            |       |       |       |    10 |   943 |   382 ||  1335
       Kick              |       |       |       |       |     4 |    99 ||   103
       Headbutt          |       |       |       |       |     2 |    48 ||    50
       Peck              |       |       |       |       |       |     3 ||     3
 Fire: Hunting sling     |       |     9 |       |       |       |       ||     9
Throw: Stone             |       |     2 |     5 |     2 |     1 |       ||    10
Invok: Draw Destruction  |       |     1 |    13 |    29 |    47 |    24 ||   114
       Draw Escape       |       |       |     1 |     2 |       |       ||     3
       Draw Summoning    |       |       |     3 |     1 |    10 |       ||    14
       Triple Draw       |       |       |     1 |       |       |       ||     1
       Deal Four         |       |       |       |     1 |     4 |       ||     5
       Stack Five        |       |       |       |     1 |       |       ||     1
       Draw Stack        |       |       |       |       |     1 |       ||     1
Evoke: Wand              |       |       |       |       |     8 |       ||     8
       Condenser vane    |       |       |       |       |       |     1 ||     1
  Use: Scroll            |     3 |     3 |     5 |     6 |     6 |     8 ||    31
       Potion            |       |       |     1 |     2 |     2 |    10 ||    15
 Stab: Petrified         |       |       |       |       |     4 |       ||     4
       Distracted        |       |       |       |       |       |     1 ||     1
Armor: Scale mail        |    39 |    33 |       |       |       |       ||    72
       Chain mail        |       |    33 |   256 |   140 |   519 |   285 ||  1233
Dodge: Dodged            |    26 |    54 |   121 |   108 |   423 |   267 ||   999
Block: Buckler           |    10 |    24 |    90 |    10 |       |       ||   134
       Other             |       |       |       |       |       |     4 ||     4

Table legend: (Time is in decaauts)
 A = Elapsed time spent in this place.
 B = Non-inter-level travel time spent in this place.
 C = Inter-level travel time spent in this place.
 D = Time resting spent in this place.
 E = Time spent auto-exploring this place.
 F = Levels seen in this place.
 G = Mean time per level.
                   A        B        C        D        E       F      G
               +--------+--------+--------+--------+--------+-----+--------+
         Total |  29299 |  27163 |   2136 |   1362 |  20194 |  31 |  945.1 |
       Dungeon |  14310 |  12977 |   1333 |    530 |   9786 |  15 |  954.0 |
          Lair |   6821 |   6347 |    474 |    314 |   5153 |   6 | 1136.8 |
         Swamp |   4803 |   4606 |    197 |    116 |   3566 |   4 | 1200.8 |
   Spider Nest |     28 |     28 |      0 |      0 |      0 |   1 |   28.0 |
  Orcish Mines |   1843 |   1712 |    131 |    314 |    914 |   2 |  921.5 |
         Sewer |    388 |    388 |      0 |      0 |    121 |   1 |  388.0 |
      Ice Cave |    810 |    810 |      0 |     63 |    509 |   1 |  810.0 |
      Gauntlet |    293 |    293 |      0 |     24 |    144 |   1 |  293.0 |
               +--------+--------+--------+--------+--------+-----+--------+

Top non-repeatable levels by time:
  Lair:6: 1557 daAuts
  Lair:3: 1452 daAuts
    D:14: 1447 daAuts
     D:8: 1339 daAuts
 Swamp:3: 1297 daAuts
 Swamp:4: 1272 daAuts
   Orc:2: 1214 daAuts
 Swamp:2: 1157 daAuts
    D:11: 1130 daAuts
     D:5: 1094 daAuts
    D:12: 1090 daAuts
 Swamp:1: 1075 daAuts
  Lair:5: 1053 daAuts
     D:4: 1020 daAuts
  Lair:4: 983 daAuts
